 Dungeon Crawl Stone Soup version 0.29.1-1-gd02db6906a (webtiles) character file.

Game seed: 1758532268922297830

58 masschaos23 the Trooper (level 3, -2/30 HPs)
             Began as a Demonspawn Chaos Knight on Sept 16, 2022.
             Was a Plaything of Xom.
             Slain by a goblin
             ... wielding a +2 dagger of speed
             ... led by Robin
              (7 damage)
             ... on level 2 of the Dungeon.
             The game lasted 00:08:33 (2016 turns).

masschaos23 the Trooper (Demonspawn Chaos Knight)   Turns: 2016, Time: 00:08:34

Health: -2/30      AC:  7    Str: 12    XL:     3   Next: 76%
Magic:  3/3        EV: 11    Int: 13    God:    Xom [....*.]
Gold:   68         SH:  0    Dex: 14    Spells: 2/2 levels left

rFire   . . .      SeeInvis .   a - +0 short sword (chaos)
rCold   . . .      Faith    .   (no shield)
rNeg    . . .      Spirit   .   b - +2 leather armour
rPois   .          Reflect  .   h - +0 helmet
rElec   .          Harm     .   (no cloak)
rCorr   .          Rampage  .   k - +0 pair of gloves
Will    .....                   (no boots)
Stlth   +.........              (no amulet)
HPRegen 0.10/turn               (no ring)
MPRegen 0.08/turn               (no ring)

@: no status effects
A: claws 1
a: Renounce Religion


You were on level 2 of the Dungeon.
You worshipped Xom.
You were a beloved toy of Xom.
You visited 1 branch of the dungeon, and saw 2 of its levels.

You collected 68 gold pieces.

Inventory:

Hand Weapons
 a - a +0 short sword of chaos (weapon)
Armour
 b - a +2 leather armour (worn)
 h - a +0 helmet (worn)
 k - a +0 pair of gloves (worn)
Scrolls
 d - a scroll of immolation {unknown}
 f - 2 scrolls of amnesia {unknown}
 i - a scroll of magic mapping {unknown}
 j - a scroll of poison {unknown}
 m - a scroll of summoning {unknown}
Potions
 e - a potion of degeneration {unknown}
 g - 2 potions of curing {unknown}
 l - a potion of berserk rage {unknown}
Miscellaneous
 c - a piece from Xom's chessboard (5/15) (quivered)


   Skills:
 + Level 3.7 Fighting
 + Level 3.4 Short Blades
 + Level 2.0 Armour
 + Level 1.3 Dodging
 + Level 0.1 Evocations


You had 2 spell levels left.
You didn't know any spells.
Your spell library contained the following spells:

 Spells                   Type           Power      Damage    Failure   Level
 Ensorcelled Hibernation  Hex/Ice        0%         N/A       52%         2
 Sublimation of Blood     Necr           0%         N/A       52%         2
 Wereblood                Tmut           0%         N/A       52%         2
 Spider Form              Tmut/Pois      0%         N/A       75%         3
 Anguish                  Hex/Necr       0%         N/A       98%         4
 Summon Hydra             Summ           0%         N/A       100%        7


Dungeon Overview and Level Annotations

Branches:
Dungeon (2/15)

Altars:

Annotations:
D:2 Robin


Innate Abilities, Weirdness & Mutations

You have sharp fingernails.


Message History

Look: a goblin, wielding a +0 club You make a move on Xom's chessboard...
The hobgoblin is moving more slowly.
The goblin unwields a +0 club.
The goblin wields a +0 sling.
The goblin shoots a sling bullet.
The sling bullet hits you.
A goblin comes into view. It is wielding a +0 club.
The goblin shouts!
You hear a shout!
No other quiver actions available for cycling. 2 goblins come into view.
The goblin shouts!
The goblin hits you with a +2 dagger of speed.
The goblin hits you with a +0 club. The goblin attacks as you move away!
The goblin barely misses you.
The goblin hits you with a +2 dagger of speed.
You closely miss the goblin.
The goblin hits you with a +2 dagger of speed.
Robin roars a battlecry!
The goblins go into a battle-frenzy!
The goblin shouts!
You hit the hobgoblin but do no damage.
The hobgoblin stops moving altogether!
The goblin misses you.
The goblin hits you with a +2 dagger of speed.
Robin throws the goblin at you!
You barely miss the goblin. The goblin barely misses you.
The goblin hits you but does no damage. The hobgoblin hits you.
The goblin misses you.
You closely miss the goblin.
The goblin hits you with a +2 dagger of speed. x2
* * * LOW HITPOINT WARNING * * *
You hit the goblin. You burn the goblin.
The goblin is severely wounded.
The goblin hits you but does no damage. The hobgoblin barely misses you.
The goblin hits you with a +0 dagger.
* * * LOW HITPOINT WARNING * * *
The goblin hits you with a +2 dagger of speed.
* * * LOW HITPOINT WARNING * * *
You barely miss the goblin.
The goblin is heavily wounded.
The goblin hits you with a +2 dagger of speed!
You die...
Xom snickers!

.# #.##.# ... ..##.# ..
#.# #.##.# #.# ...#..#.#
... #.#.##.# #.#
...##.############ ...
#.#..............
#.###.##..##############
......g@g## ###.###g##


#ggg# ## #..ggg. ###. #.....gg.. .... ........g.gg. # ###........... #
##....^..... ### ##........# #.. You could see Robin, 2 hobgoblins and 9
goblins.

Vanquished Creatures
  A worm (D:2)
  4 dart slugs
  5 ball pythons
  A bat (D:1)
  3 endoplasms (D:1)
  6 giant cockroaches
  4 goblins
  5 hobgoblins
  4 kobolds
  2 quokkas (D:1)
  2 frilled lizards (D:1)
  5 rats
42 creatures vanquished.

Notes
Turn   | Place    | Note
-------+----------+-------------------------------------------
     0 | D:1      | masschaos23 the Demonspawn Chaos Knight began the quest for
                  | the Orb.
     0 | D:1      | Reached XP level 1. HP: 18/18 MP: 1/1
   128 | D:1      | Reached skill level 1 in Dodging
   136 | D:1      | Gained mutation: You have sharp fingernails. [demonic
                  | ancestry]
   136 | D:1      | Reached XP level 2. HP: 24/24 MP: 2/2
   181 | D:1      | XOM: silly message
   362 | D:1      | XOM: silly message
   438 | D:1      | Found a faded altar of an unknown god.
   850 | D:1      | XOM: smoke on damage
   941 | D:1      | XOM: blink monster(s)
   986 | D:1      | Reached XP level 3. HP: 29/29 MP: 3/3
  1103 | D:1      | XOM: silly message
  1530 | D:2      | XOM: divination: detect creatures
  1883 | D:2      | XOM: silly message
  2005 | D:2      | Noticed Robin
  2016 | D:2      | Slain by a goblin

Illustrated notes

Levels and vault maps discovered:
D:1:      erik_arrival_triangle_medium, layout_basic,
          shapermc_ecumenical_altar_notcrosses
D:2:      layout_rooms, nicolae_concentric_dashed_squares_wild, uniq_robin

Skill      XL: |  1  2  3 |
---------------+----------+-----
Dodging        | 1 |  1.3
Short Blades   | 3 |  3.4
Armour         | 2 |  2.0
Fighting       | |  3.7
Evocations     | |  0.1

Action                   || total
-------------------------++-------
Melee: Short sword       ||   164
Evoke: Piece from Xom's  ||    11
 Stab: Paralysed         ||     4
       Petrified         ||     3
       Petrifying        ||     1
Armor: Leather armour    ||    64
Dodge: Dodged            ||    91
